 Dungeon Crawl Stone Soup version 0.28.0-1-gb440e238dd (webtiles) character file.

Game seed: 6526343560660909581

540 jfcaron the Sneak (level 7, -6/40 HPs)
             Began as a Kobold Brigand on Feb 22, 2022.
             Was a Follower of Qazlal.
             Mangled by an orc warrior (19 damage)
             ... on level 5 of the Dungeon.
             The game lasted 00:16:58 (6135 turns).

jfcaron the Sneak (Kobold Brigand)                  Turns: 6135, Time: 00:16:58

Health: -6/40      AC: 12    Str:  8    XL:     7   Next: 51%
Magic:  7/7        EV:  2    Int: 12    God:    Qazlal [*.....]
Gold:   102        SH:  2    Dex: 19    Spells: 6/6 levels left

rFire   . . .      SeeInvis +   t - +4 dagger (drain)
rCold   . . .      Faith    .   (no shield)
rNeg    . . .      Spirit   .   y - +0 plate armour
rPois   .          Reflect  .   u - +0 helmet
rElec   .          Harm     .   q - +0 cloak
rCorr   +          Rampage  .   (no gloves)
Will    .....                   (no boots)
Stlth   +.........              (no amulet)
HPRegen 0.13/turn               m - ring of resist corrosion
MPRegen 0.10/turn               h - ring of see invisible

@: no status effects
A: small, no large weapons, nightstalker 3
a: Renounce Religion


You were on level 5 of the Dungeon.
You worshipped Qazlal.
Qazlal was aware of your devotion.
You visited 1 branch of the dungeon, and saw 5 of its levels.
You also visited: Ossuary.

You collected 102 gold pieces.

Inventory:

Hand Weapons
 a - a +2 dagger
 c - a +2 falchion of holy wrath
 d - a +1 dagger of distortion
 n - a +0 short sword
 p - a +3 mace
 t - a +4 dagger of draining (weapon)
 z - a +0 rapier
Missiles
 e - 2 curare-tipped darts {!f}
 g - 151 stones
 j - 29 bolts
 v - 38 arrows
 w - a poisoned dart (quivered)
Armour
 o - a +0 kite shield
 q - a +0 cloak (worn)
 u - a +0 helmet (worn)
 y - a +0 plate armour (worn)
Magical Staves
 x - a staff of earth
Jewellery
 h - a ring of see invisible (right hand)
 m - a ring of resist corrosion (left hand)
Wands
 i - a wand of paralysis (14)
Scrolls
 f - 2 scrolls of teleportation
 l - 3 scrolls of enchant weapon
 B - a scroll of brand weapon {unknown}
 F - a scroll of amnesia {unknown}
 G - a scroll of magic mapping {unknown}
Potions
 k - a potion of lignification
 r - a potion of curing
 s - 2 potions of ambrosia
 A - a potion of attraction {unknown}
 C - 2 potions of invisibility
 D - 2 potions of haste {unknown}
 E - a potion of magic {unknown}
 H - 3 potions of mutation {unknown}


   Skills:
 - Level 2.1 Fighting
 + Level 5.5 Short Blades
 + Level 4.5 Throwing
 + Level 0.2 Armour
 + Level 4.4 Dodging
 + Level 7.6 Stealth


You had 6 spell levels left.
You didn't know any spells.
Your spell library contained the following spells:

 Spells                   Type           Power      Damage    Failure   Level
 Foxfire                  Conj/Fire      0%         2x1d4     100%        1
 Conjure Flame            Conj/Fire      0%         6-21      100%        3
 Inner Flame              Hex/Fire       0%         N/A       100%        3
 Flame Wave               Conj/Fire      0%         2d4       100%        4


Dungeon Overview and Level Annotations

Branches:
Dungeon (5/15)            Ossuary (visited)
 Temple: D:4-7

Altars:
Elyvilon
Qazlal
Xom
Yredelemnul


Innate Abilities, Weirdness & Mutations

You are small and have problems with some larger weapons.
You are completely attuned to the shadows.


Message History

An orc priest comes into view. It is wielding a +0 short sword.
You barely miss the orc.
The orc is heavily wounded.
The orc hits you but does no damage.
You hit the orc but do no damage. You drain the orc.
You kill the orc!
Qazlal accepts your kill.
You throw a poisoned dart.
The poisoned dart closely misses the orc warrior.
The poisoned dart misses the orc wizard.
You throw a poisoned dart.
The poisoned dart closely misses the orc warrior.
The poisoned dart barely misses the orc wizard.
The orc warrior hits you from afar with a +0 glaive.
You throw a poisoned dart.
The poisoned dart barely misses the orc warrior.
The poisoned dart closely misses the orc priest.
The orc warrior hits you from afar with a +0 glaive!
The orc warrior hits you with a +0 glaive!
Things that are here:
a +0 club; a +0 chain mail You closely miss the orc warrior.
You hit the orc priest.
The orc priest is heavily wounded.
You hit the orc priest.
The orc priest is almost dead.
The orc priest hits you with a +0 short sword.
You block the orc warrior's attack.
You barely miss the orc priest.
The orc priest is almost dead.
The orc wizard hits you but does no damage.
The orc priest hits you but does no damage.
The orc warrior hits you with a +0 glaive!
* * * LOW HITPOINT WARNING * * *
Unknown command.
You feel better.
The orc wizard hits you but does no damage.
The orc priest hits you but does no damage.
The orc warrior hits you with a +0 glaive!!
You die...

#... ######+##...
#...#...#...
###.#'#...#+#(#####
....#.......#.'...+
##.####...#####o°o###
.<....+.).'.#..o@...#
....#######.#'#...#+#
....# #.....#...#
#.### +.....##+## ..#
#.....# ###.#+# +.#


You could see an orc warrior, an orc priest and an orc wizard (invisible).

Vanquished Creatures
  2 water moccasin zombies (Ossuary)
  Crazy Yiuf (D:2)
  A hound (D:4)
  A jelly (D:4)
  Terence (D:2)
  3 orc wizards (D:4)
  2 mummies (Ossuary)
  8 gnolls
  2 adders
  An adder skeleton (D:4)
  4 adder zombies (Ossuary)
  2 worms (D:2)
  3 dart slugs
  10 orcs
  5 ball pythons
  7 endoplasms
  4 giant cockroaches
  5 goblins
  A hobgoblin (D:3)
  3 quokkas
  8 bats
  2 frilled lizards (D:1)
  5 gnoll zombies (Ossuary)
  4 hobgoblin zombies (Ossuary)
  A jackal zombie (D:4)
  7 kobolds
  8 kobold zombies (Ossuary)
  4 orc zombies (Ossuary)
  3 rats
  5 butterflies
  55 fungi (D:3)
168 creatures vanquished.

Notes
Turn   | Place    | Note
-------+----------+-------------------------------------------
     0 | D:1      | jfcaron the Kobold Brigand began the quest for the Orb.
     0 | D:1      | Reached XP level 1. HP: 12/12 MP: 1/1
   202 | D:1      | Reached XP level 2. HP: 17/17 MP: 2/2
   617 | D:1      | Reached XP level 3. HP: 15/21 MP: 3/3
   759 | D:1      | Found a faded altar of an unknown god.
  1627 | D:2      | Found a runed translucent door.
  1631 | D:2      | Noticed Crazy Yiuf
  1636 | D:2      | Killed Crazy Yiuf
  1637 | D:2      | Reached skill level 6 in Stealth
  1637 | D:2      | Reached XP level 4. HP: 26/26 MP: 4/4
  1820 | D:2      | Reached XP level 5. HP: 11/30 MP: 5/5
  2311 | D:2      | Noticed Terence
  2315 | D:2      | Killed Terence
  2792 | D:3      | Found a shimmering altar of Xom.
  3070 | D:3      | Reached XP level 6. HP: 17/35 MP: 6/6
  3075 | D:3      | HP: 5/35 [gnoll (4)]
  3568 | D:3      | Found a white marble altar of Elyvilon.
  3950 | D:3      | Found a stormy altar of Qazlal.
  4097 | D:3      | Became a worshipper of Qazlal Stormbringer
  4641 | D:4      | Found a sand-covered staircase.
  4649 | Ossuary  | Entered an ossuary
  4690 | Ossuary  | Reached skill level 5 in Short Blades
  4690 | Ossuary  | Reached skill level 7 in Stealth
  4701 | Ossuary  | HP: 7/35 [water moccasin zombie (6)]
  4707 | Ossuary  | Reached XP level 7. HP: 17/40 MP: 7/7
  5096 | Ossuary  | Reached * piety under Qazlal
  5730 | D:4      | Found a runed translucent door.
  5730 | D:4      | Noticed a human
  5920 | D:4      | Found a basalt altar of Yredelemnul.
  6092 | D:5      | Entered Level 5 of the Dungeon
  6134 | D:5      | HP: 6/40 [orc warrior (13)]
  6135 | D:5      | Mangled by an orc warrior

Illustrated notes

Levels and vault maps discovered:
D:1:      lemuel_arrival_hallway, layout_loops_ring,
          shapermc_ecumenical_altar_pompeii, hangedman_glass_garden
D:2:      layout_loops_cross, uniq_terence, uniq_crazy_yiuf_cottage
D:3:      layout_basic, nicolae_elyvilon_peaceful_grove,
          mainiacjoe_overflow_catch_the_wave, minmay_pentomino_pile
D:4:      layout_basic, dk_yredelemnul_ordeal, nicolae_ossuary_entry_monument,
          amethyst_killhole
D:5:      nicolae_cairo_tiling_large, layout_rooms,
          grunt_temple_overflow_gold_and_silver, slow_altar_2

Skill      XL: |  1  2  3  4  5  6 |
---------------+-------------------+-----
Short Blades   | 3 4 5 |  5.5
Dodging        | 2 3 4 |  4.4
Throwing       | 3 4 |  4.5
Stealth        | 6 7 |  7.6
Fighting       | |  2.1
Armour         | |  0.2

Action                   |  1- 3 |  4- 6 |  7- 9 || total
-------------------------+-------+-------+-------++-------
Melee: Dagger            |    42 |   178 |   141 ||   361
       Punch             |     2 |     1 |     3 ||     6
Throw: Dart              |    22 |    23 |    11 ||    56
       Stone             |       |       |     2 ||     2
  Use: Scroll            |       |     8 |     1 ||     9
       Potion            |       |     2 |     1 ||     3
 Stab: Sleeping          |    18 |    12 |     4 ||    34
Armor: Robe              |     4 |    23 |    15 ||    42
       Plate armour      |       |       |     9 ||     9
Dodge: Dodged            |    19 |    97 |    49 ||   165
Block: Other             |       |       |     1 ||     1
